cohdb
Replays
Latest Replays
All Replays
Popular Replays
Top Player Replays
Match Explorer
How It Works
Community
CoH3 Stats
Reddit
Sign in to upload your games and track your stats! →
Sign in with Steam
Match 41614678
Unlisted
Match 41614678
Overview
Messages
Build Orders
End
Royal Engineer Section
Construct Section Command Post
Dingo Light Scout Car
Selects Canadian Shock Battlegroup
Infantry Section
Infantry Section
Selects Attacking Spirit
Selects Canadian Shock Section
Construct Platoon Command Post
Vickers Machine Gun Team
Grenade Package
Humber Armored Car
Selects Incendiary Munitions
6-pounder Anti-tank Gun Team
ML 3-inch Mortar Team
Selects Pyrotechnics
Construct Field Infirmary
Construct Company Command Post
Infantry Training
Matilda II Heavy Tank
Selects Demolition Engineering
Selects Point Assault
Matilda II Heavy Tank
Foot Guards Section
Bootyquake
dtshadle
0
0
Comments
sign in to comment!
No comments posted yet!